Map: Catalyst LE

Players

Elazer - Winner!

  • Race: Zerg Zerg
  • Spawn Location: 5:00

DeMusliM

  • Race: Terran Terran
  • Spawn Location: 11:00

Event: WCS Valencia 2018

VOD

Have the link to the VOD?

Description

Time

  • Played on: July 12, 2018, 7:10 a.m.
  • Length: 18:37

All games in this series

Show
View Real Time Build Order
Export as new Build Order

Elazer Zerg - Winner!

Build Orders: Hatch First 

Get SALT Encoding   

  12  0:00  Drone  
  13  0:12  Overlord  
  13  0:18  Drone  
  14  0:30  Drone x2  
  16  0:48  Hatchery  
  15  0:51  Drone  
  15  0:54  Drone  
  17  0:58  Drone  
  18  1:08  Extractor  
  17  1:13  Spawning Pool  
  17  1:17  Drone  
  17  1:20  Drone  
  18  1:28  Drone  
  19  1:38  Drone  
  20  1:50  Drone  
  21  2:00  Queen x2  
  21  2:01  Zergling x4  
  27  2:14  Hatchery  
  26  2:19  Overlord  
  26  2:22  Drone  
  27  2:25  Drone  
  28  2:36  Metabolic Boost  
  28  2:38  Drone x2  
  28  2:41  Drone  
  31  2:46  Queen  
  33  2:51  Overlord  
  33  2:54  Drone  
  33  2:57  Drone  
  35  2:59  Drone  
  36  3:10  Drone x2  
  36  3:11  Drone x3  
  41  3:20  Overlord  
  41  3:22  Drone  
  41  3:23  Queen  
  44  3:27  Queen  
  44  3:29  Drone  
  44  3:31  Drone  
  44  3:33  Drone  
  49  3:36  Drone  
  49  3:39  Drone  
  51  3:42  Drone  
  51  3:43  Drone  
  51  3:44  Overlord  
  51  3:47  Overlord  
  53  3:49  Drone  
  53  3:51  Drone  
  55  3:56  Drone  
  55  3:57  Drone x2  
  55  4:02  Queen  
  60  4:03  Zergling x2  
  60  4:04  Zergling x2  
  60  4:07  Zergling x4  
  64  4:11  Overlord  
  64  4:13  Zergling x2  
  64  4:14  Drone  
  66  4:19  Evolution Chamber  
  66  4:20  Drone, Evolution Chamber  
  66  4:21  Drone  
  66  4:26  Overlord  
  66  4:32  Spore Crawler  
  66  4:33  Overlord, Extractor, Drone  
  66  4:34  Drone x3  
  66  4:35  Drone  
  66  4:36  Drone  
  66  4:38  Drone x2  
  72  4:43  Overlord  
  72  4:47  Zerg Ground Armor Level 1, Zerg Melee Weapons Level 1  
  72  4:49  Drone  
  72  4:50  Drone  
  73  4:54  Overlord  
  73  4:55  Drone x2  
  73  4:58  Drone  
  73  4:59  Drone  
  77  5:01  Extractor x2  
  77  5:03  Queen  
  77  5:04  Drone  
  78  5:07  Overlord  
  78  5:11  Spore Crawler  
  78  5:12  Spore Crawler, Drone  
  78  5:13  Drone  
  78  5:16  Lair  
  78  5:17  Drone  
  78  5:19  Drone  
  80  5:23  Overlord, Drone  
  80  5:27  Extractor  
  80  5:28  Overlord  
  80  5:29  Baneling Nest, Drone x2  
  81  5:38  Hatchery  
  81  5:41  Overlord  
  81  5:42  Drone x2  
  82  5:43  Zergling x4  
  84  5:51  Drone x4  
  84  5:55  Overlord, Zergling x2  
  84  5:56  Zergling x2  
  89  6:05  Overlord, Zergling x2  
  89  6:06  Zergling x12  
  96  6:18  Centrifical Hooks  
  96  6:19  Overlord  
  96  6:20  Hatchery, Zergling x8  
  96  6:24  Zergling x4  
  101  6:32  Overlord, Burrow, Zergling x2  
  102  6:33  Zergling x8  
  102  6:35  Zergling x4  
  102  6:36  Zergling x2  
  102  6:39  Baneling x7  
  109  6:44  Zerg Ground Armor Level 2  
  102  6:54  Zerg Melee Weapons Level 2  
  102  6:55  Drone  
  102  6:56  Drone x6  
  102  6:57  Drone x2  
  102  6:59  Overlord  
  109  7:03  Overlord  
  109  7:07  Zergling x10  
  114  7:09  Zergling x4  
  114  7:14  Overlord  
  116  7:16  Zergling x2  
  117  7:23  Overlord  
  117  7:24  Drone x3  
  117  7:26  Hydralisk Den  
  119  7:30  Zergling x8  
  123  7:39  Hatchery, Infestation Pit  
  123  7:43  Zergling x20  
  131  7:49  Zergling x2  
  131  7:50  Zergling x4  
  127  7:55  Zergling x2  
  127  7:56  Zergling x14  
  135  8:01  Overlord  
  135  8:05  Muscular Augments  
  135  8:07  Drone x8  
  135  8:09  Baneling x2  
  135  8:10  Baneling x12, Extractor  
  142  8:15  Hive  
  142  8:16  Overlord  
  142  8:28  Zergling x24  
  142  8:30  Zergling x2  
  155  8:35  Baneling x10  
  155  8:36  Baneling x2  
  155  8:37  Overlord  
  155  8:45  Hydralisk x4  
  162  8:50  Hydralisk x3  
  162  8:54  Hydralisk x2  
  159  9:07  Zergling x2  
  159  9:08  Zergling x24  
  151  9:12  Zergling x10  
  151  9:16  Zergling x4  
  156  9:22  Zergling x18  
  163  9:31  Baneling x5  
  163  9:32  Baneling x4  
  163  9:34  Hydralisk x8  
  173  9:39  Zergling x10  
  173  9:44  Zergling x6  
  172  9:49  Overlord  
  172  9:50  Ultralisk Cavern  
  172  9:51  Baneling x9  
  172  9:52  Zergling x8  
  169  10:01  Drone x3  
  169  10:02  Drone  
  169  10:04  Baneling x2, Zergling x16  
  165  10:20  Zergling x22  
  141  10:24  Hydralisk x6  
  142  10:29  Zergling x10  
  142  10:30  Baneling  
  142  10:31  Baneling x6  
  147  10:36  Zergling x8  
  147  10:38  Chitinous Plating  
  151  10:46  Zergling x8, Ultralisk  
  161  10:50  Ultralisk  
  157  11:06  Zerg Ground Armor Level 3  
  157  11:07  Extractor  
  155  11:14  Zerg Missile Weapons Level 1  
  155  11:15  Zergling x2  
  155  11:16  Zergling x36  
  174  11:26  Overlord  
  174  11:30  Ultralisk  
  174  11:31  Zergling x12  
  184  11:38  Baneling  
  184  11:39  Baneling x8  
  181  11:40  Baneling  
  181  11:41  Zergling x12  
  181  11:42  Hatchery  
  181  11:43  Queen  
  186  11:49  Zergling x2, Grooved Spines  
  186  11:50  Zergling x8  
  186  11:53  Zergling x8  
  195  11:57  Hydralisk x2  
  199  12:03  Baneling x7  
  197  12:19  Adrenal Glands  
  180  12:37  Viper  
  180  12:41  Extractor  
  172  12:45  Drone x2  
  172  12:46  Viper, Drone  
  177  12:52  Spire  
  175  13:01  Zergling x46  
  175  13:04  Baneling x2  
  197  13:15  Overlord  
  197  13:19  Zergling x4  
  178  13:39  Zergling x24  
  178  13:40  Zergling x4  
  172  13:42  Zergling x12  
  163  13:52  Zergling x2  
  163  13:53  Zergling x16  
  163  13:59  Drone x2  
  163  14:00  Overlord, Drone  
  166  14:04  Zergling x4, Ultralisk x3  
  186  14:12  Greater Spire  
  186  14:15  Overlord  
  186  14:16  Zergling x2  
  186  14:17  Zergling x16  
  195  14:18  Hatchery  
  195  14:21  Baneling x5, Overseer  
  195  14:22  Baneling x6  
  194  14:24  Zergling x12  
  189  14:41  Zergling x2  
  189  14:42  Zergling x24  
  182  14:48  Zergling x16  
  182  14:52  Zergling x12  
  176  14:58  Overlord  
  172  15:00  Zergling x10  
  172  15:04  Corruptor x3  
  176  15:10  Corruptor x4  
  184  15:18  Corruptor x3  
  184  15:20  Zergling x18  
  199  15:23  Baneling  
  199  15:24  Baneling x15  
  199  15:29  Overlord  
  199  15:33  Corruptor  
  199  15:35  Zerg Flyer Armor Level 1  
  175  15:45  Corruptor x3  
  175  15:49  Corruptor x2  
  174  16:03  Zergling x2, Ultralisk  
  174  16:04  Zergling x34  
  195  16:06  Zerg Missile Weapons Level 2  
  189  16:12  Brood Lord x2  
  189  16:13  Brood Lord  
  189  16:15  Zergling x8  
  193  16:26  Overlord  
  193  16:28  Brood Lord x2  
  197  16:40  Brood Lord  
  194  16:56  Baneling x9  
  194  17:07  Brood Lord x2  
  190  17:16  Zergling x2  
  190  17:17  Zergling x20  
  190  17:18  Baneling  
  190  17:19  Baneling x4  
  189  17:44  Zergling x28  
  193  17:53  Zergling x10  
  193  17:54  Zergling x2  
  193  17:55  Zergling x4  
  193  17:56  Zergling x22  
  197  18:01  Brood Lord  
  197  18:03  Zergling x2  
  187  18:09  Brood Lord  
  196  18:14  Zergling x6  
  196  18:17  Overlord  
  191  18:30  Extractor  
  191  18:34  Extractor x2  
  176  18:35  Spore Crawler  
Show
View Real Time Build Order
Export as new Build Order

DeMusliM Terran 

Build Orders: Reaper Expand, MMM Bio 

Get SALT Encoding   

  12  0:00  SCV  
  13  0:13  SCV  
  14  0:17  Supply Depot  
  14  0:25  SCV  
  15  0:39  SCV  
  15  0:41  Barracks  
  16  0:44  Refinery  
  16  0:51  SCV  
  17  1:03  SCV  
  18  1:15  SCV  
  19  1:28  Orbital Command, Reaper  
  20  1:41  Command Center  
  20  1:51  Supply Depot  
  20  1:54  SCV  
  20  2:00  Marine  
  22  2:06  SCV  
  23  2:15  Factory  
  23  2:18  SCV  
  24  2:25  Barracks Reactor  
  24  2:30  SCV  
  25  2:42  SCV  
  26  2:50  Command Center  
  26  2:53  Orbital Command  
  26  2:55  SCV  
  27  3:02  Starport  
  27  3:07  SCV  
  27  3:11  Refinery  
  28  3:13  Hellion  
  30  3:22  Hellion  
  30  3:25  SCV  
  33  3:28  Barracks Tech Lab, SCV  
  34  3:35  Hellion  
  34  3:38  SCV  
  34  3:40  SCV  
  38  3:46  Hellion  
  40  3:50  SCV  
  40  3:52  SCV  
  42  3:59  Banshee  
  42  4:02  SCV  
  46  4:03  Orbital Command, Barracks Tech Lab  
  46  4:05  SCV  
  47  4:14  SCV  
  47  4:16  Supply Depot  
  47  4:17  Supply Depot, SCV  
  49  4:22  Marine  
  49  4:23  Stimpack, Factory Reactor  
  50  4:26  SCV  
  50  4:29  SCV  
  50  4:31  Barracks  
  52  4:35  Barracks  
  52  4:38  SCV  
  52  4:39  Engineering Bay  
  52  4:41  SCV  
  52  4:42  Engineering Bay, Orbital Command  
  54  4:48  Refinery  
  54  4:49  Refinery  
  54  4:50  SCV  
  54  4:51  Starport Reactor  
  55  4:53  SCV  
  55  4:55  Marine  
  57  5:02  Supply Depot, SCV  
  57  5:04  Supply Depot  
  57  5:05  SCV  
  59  5:07  Terran Infantry Weapons Level 1  
  59  5:08  Terran Infantry Armor Level 1  
  59  5:09  SCV  
  59  5:12  Marine  
  61  5:15  SCV  
  61  5:17  SCV, Marine  
  61  5:18  Marine  
  61  5:21  SCV  
  66  5:25  Siege Tank  
  66  5:27  SCV  
  70  5:29  SCV  
  70  5:30  Marine  
  70  5:32  Supply Depot, Marine  
  70  5:33  SCV, Marine  
  75  5:37  Marine  
  75  5:38  Marine  
  75  5:39  SCV  
  75  5:41  SCV  
  79  5:45  SCV  
  79  5:48  Supply Depot, Marine, Medivac x2  
  85  5:50  Marine x2  
  85  5:51  SCV  
  85  5:53  SCV  
  89  5:59  SCV  
  89  6:03  Siege Tank, SCV  
  94  6:05  Barracks  
  94  6:06  Barracks  
  94  6:07  Marine  
  94  6:08  Marine  
  94  6:10  Marine  
  97  6:12  SCV x2  
  97  6:13  Supply Depot  
  97  6:15  SCV  
  100  6:23  Supply Depot  
  100  6:24  SCV x2, Marine x2  
  100  6:25  Supply Depot  
  104  6:26  Armory, Combat Shield  
  104  6:32  Marine x2  
  106  6:33  Marine  
  106  6:34  SCV  
  106  6:36  SCV  
  106  6:37  Refinery  
  106  6:38  SCV  
  110  6:41  Medivac x2  
  110  6:42  Siege Tank  
  117  6:52  Supply Depot, SCV  
  115  6:56  Marine x3  
  115  6:57  Barracks Reactor x2  
  115  6:58  Marine  
  115  7:01  SCV x2  
  121  7:05  Command Center  
  121  7:06  Marine  
  122  7:11  Medivac  
  122  7:14  Marine x2  
  126  7:16  Medivac  
  126  7:20  Marine x2  
  133  7:23  Terran Infantry Weapons Level 2  
  133  7:24  Marine  
  133  7:25  SCV x2  
  133  7:31  Marine  
  133  7:32  Marine  
  133  7:33  Marine x3  
  133  7:34  Terran Infantry Armor Level 2  
  138  7:38  Marine x2  
  138  7:41  Barracks  
  138  7:43  Supply Depot, Marine, Barracks x2  
  141  7:48  Marine  
  141  7:49  Marine  
  141  7:53  Supply Depot  
  141  7:54  Concussive Shells  
  141  7:56  Marine x5  
  141  7:57  Siege Tank  
  149  8:03  Supply Depot  
  149  8:06  Marauder, Marine x2  
  149  8:07  Supply Depot  
  149  8:08  SCV x3  
  149  8:12  Marine  
  157  8:14  Marine x2  
  157  8:15  Terran Vehicle And Ship Armor Level 1, Medivac x2  
  157  8:17  Marine x2  
  165  8:25  Marine x2  
  165  8:26  Marine  
  168  8:28  Marauder  
  170  8:34  Barracks Tech Lab x3  
  170  8:46  Planetary Fortress, Marine  
  170  8:47  Marine  
  170  8:48  Marine x4  
  173  8:49  Marauder  
  173  8:52  Marauder, Marine x2  
  180  8:56  Marauder, Marine  
  180  8:58  Siege Tank  
  180  8:59  Medivac  
  180  9:03  Marine  
  180  9:05  Marine  
  180  9:06  Marine  
  180  9:08  Marine x3  
  152  9:10  Marauder  
  152  9:14  Marauder x2  
  158  9:18  Medivac  
  158  9:19  Marauder, Marine  
  163  9:25  Marine x2, Command Center  
  163  9:26  Refinery  
  163  9:28  Refinery  
  163  9:30  Siege Tank, Marine x2  
  163  9:31  Marine x2  
  167  9:32  Marauder  
  167  9:38  Marauder, Marine  
  166  9:43  Terran Infantry Weapons Level 3  
  161  9:45  Marine x2  
  161  9:46  Marine  
  161  9:47  Marine  
  161  9:48  Marauder  
  161  9:52  Marine  
  160  9:53  Marauder, Marine x3  
  160  9:59  Terran Infantry Armor Level 3  
  165  10:01  Marine  
  165  10:02  Marauder  
  165  10:03  Marine  
  165  10:04  Marine  
  165  10:06  Marauder  
  172  10:13  Marauder, Marine  
  165  10:15  Marine  
  165  10:16  Marauder, Marine  
  165  10:19  Marine  
  165  10:21  Marine x4  
  161  10:23  Marauder  
  161  10:27  Marauder  
  164  10:28  Liberator  
  164  10:31  Marine  
  164  10:33  Marine  
  164  10:34  Marine  
  164  10:35  Marauder  
  169  10:37  Marauder  
  169  10:39  Marine  
  172  10:43  Siege Tank  
  172  10:44  Marine x2  
  172  10:45  Marauder  
  172  10:48  Marauder  
  184  10:52  Marine  
  184  10:56  Marauder  
  187  10:57  Marine  
  187  10:59  Planetary Fortress  
  187  11:01  Marauder  
  188  11:15  Supply Depot x2  
  188  11:36  Marine x6  
  188  11:37  Marauder x2, Marine x2  
  200  11:44  Terran Vehicle And Ship Armor Level 2  
  200  11:50  Command Center  
  200  12:23  Marauder x2  
  199  12:34  Marine  
  199  12:35  Marauder  
  199  12:49  Supply Depot  
  199  12:51  Supply Depot  
  199  12:52  Supply Depot  
  199  13:01  Marine  
  199  13:02  Liberator  
  200  13:16  Command Center  
  200  13:18  Command Center  
  200  13:23  Structure Armor  
  200  13:24  Starport, Hi-Sec Auto Tracking  
  200  13:25  Starport  
  200  13:29  Ghost Academy  
  200  13:30  Ghost Academy  
  200  13:32  Marine  
  200  13:33  Marauder x2, Liberator  
  193  13:35  Marauder, Marine x3  
  193  13:36  Marauder  
  180  13:42  Marine  
  180  13:45  Liberator  
  180  13:46  Marine x3  
  180  13:47  Siege Tank  
  141  13:50  Marine  
  141  13:53  Marine x3  
  141  13:54  Marauder x2  
  126  13:57  Marauder, Marine  
  126  13:59  Marine  
  126  14:02  Medivac x2  
  137  14:04  Terran Vehicle And Ship Armor Level 3, Marine x2  
  139  14:15  Marauder x3, Liberator  
  139  14:16  Liberator  
  145  14:18  Marauder  
  145  14:19  Siege Tank  
  145  14:20  Marine x2  
  145  14:21  Marine  
  153  14:24  Marine x2  
  153  14:25  Marine x3  
  153  14:28  Planetary Fortress  
  158  14:32  Medivac  
  158  14:36  Marine  
  158  14:37  Marauder x2  
  166  14:38  Marine x3  
  166  14:40  Marauder  
  166  14:43  Marine  
  166  14:45  Medivac  
  167  14:47  Marine  
  167  14:50  Marine  
  162  14:55  Marauder, Unknown  
  162  14:58  Marauder x2, Siege Tank, Liberator  
  162  14:59  Liberator  
  156  15:01  Marauder  
  156  15:02  Medivac  
  160  15:15  Medivac  
  160  15:19  Fusion Core, SCV x3  
  171  15:30  Siege Tank  
  171  15:31  Marine  
  171  15:32  Marauder  
  177  15:41  Marauder, Marine  
  163  15:44  Marauder, Marine x2  
  163  15:45  Medivac  
  163  15:49  Marine  
  169  15:50  Marauder  
  169  15:56  Marine  
  166  15:57  Marauder  
  166  15:59  Marine  
  166  16:02  Marauder  
  165  16:07  Planetary Fortress  
  165  16:09  Marauder  
  165  16:11  SCV  
  160  16:14  Marine  
  160  16:22  Missile Turret  
  160  16:30  Marauder, Marine  
  163  16:40  Marine  
  163  16:41  Marauder  
  163  16:42  Marauder, Marine  
  169  16:53  Viking x3  
  170  17:02  Marine, Ghost x2  
  161  17:25  Marine x2, Ghost x2  
  164  17:31  Marine, Ghost  
  162  17:37  Viking  
  162  17:43  Marine x3  
  162  17:44  Marine  
  143  17:54  Marauder, Marine  
  121  18:04  Ghost  
  121  18:05  Marine x2  
  107  18:19  Marine x2  
Tags
 
Add a new tag
Caveats
  • Supply blocks, unpowered buildings, or Contaminate may cause inaccurate times.
  • Supply counts are checked every 10 seconds.